 Dungeon Crawl Stone Soup version 0.30-a0-160-gcfceee88d3 (webtiles) character file.

Game seed: 2120931004289250042

681 qw the Chopper (level 7, -4/44 HPs)
             Began as a Gargoyle Fighter on Sept 27, 2022.
             Killed by divine providence
             ... invoked by an orc priest
              (14 damage)
             ... on level 5 of the Dungeon.
             The game lasted 00:01:45 (5016 turns).

qw the Chopper (Gargoyle Fighter)                   Turns: 5016, Time: 00:01:46

Health: -4/44      AC: 20    Str: 20      XL:     7   Next: 61%
Magic:  6/6        EV:  7    Int:  8      God:
Gold:   224        SH:  4    Dex: 10 (13) Spells: 6/6 levels left

rFire   + . .      SeeInvis .    Y - +1 war axe (protect)
rCold   . . .      Faith    .    c - +0 buckler
rNeg    + . .      Spirit   .    i - +0 chain mail
rPois   inf        Reflect  .    (no helmet)
rElec   +          Harm     .    (no cloak)
rCorr   +          Rampage  .    (no gloves)
Will    .....                    (no boots)
Stlth   ..........               (no amulet)
HPRegen 0.14/turn                m - ring of protection from fire
MPRegen 0.10/turn                j - ring of resist corrosion

@: under a protective aura
A: sickness immunity, AC +4, negative energy resistance 1, electricity
resistance, torment resistance 1, petrification resistance, talons 1, agile 1,
low MP 1
a: no special abilities


You were on level 5 of the Dungeon.
You visited 1 branch of the dungeon, and saw 5 of its levels.

You collected 224 gold pieces.


Innate Abilities, Weirdness & Mutations

You are immune to sickness and miasma.
Your stone body is resilient. (AC +4)
You are immune to poison.
You resist negative energy. (rN+)
You are resistant to electric shocks. (rElec)
You are resistant to unholy torment.
You are immune to petrification.
You have sharp toenails.
You are agile. (Dex +4, Str/Int -1)
Your magical capacity is low. (-10% MP)


   Skills:
 - Level 4.5 Fighting
 + Level 6.5 Axes
 - Level 3.2 Armour
 - Level 2.2 Dodging
 - Level 3.2 Shields


You had 6 spell levels left.
You didn't know any spells.
Your spell library was empty.

Inventory:

Hand Weapons
 a - a +0 flail
 Y - a +1 war axe of protection (weapon)
Armour
 c - a +0 buckler (worn)
 i - a +0 chain mail (worn)
Jewellery
 b - a ring of fire
 j - a ring of resist corrosion (right hand)
 m - a ring of protection from fire (left hand)
Scrolls
 k - 2 scrolls of identify
Potions
 d - 2 potions of might
 e - a potion of cancellation
 f - a potion of haste
 g - 2 potions of curing
 h - a potion of mutation
 l - a potion of resistance
 n - a potion of degeneration {unknown}
 p - a potion of attraction

Dungeon Overview and Level Annotations

Branches:
Dungeon (5/15)
 Temple: D:4-7

Altars:


Message History

You hit the ogre. You claw the ogre, but do no damage.
The ogre is lightly wounded.
You barely miss the quasit.
The quasit bites you but does no damage.
You block the quasit's attack. x2
An orc comes into view. It is wielding a +0 war axe.
An orc priest comes into view. It is wielding a +0 dagger.
The ogre hits you but does no damage.
You completely miss the ogre.
The orc priest shouts!
The orc shouts!
Your kick misses the ogre.
The ogre is lightly wounded.
You hit the quasit. The quasit bites you.
You feel clumsy. The quasit completely misses you.
The quasit closely misses you.
The orc priest mumbles some strange prayers to Beogh against you.
Beogh smites you!
The quasit bites you but does no damage.
The quasit claws you but does no damage. x2
The ogre hits you with a +0 giant club.
You closely miss the quasit.
The quasit is heavily wounded.
You barely miss the ogre.
An orc comes into view. It is wielding a +0 club.
The quasit bites you but does no damage.
You block the quasit's attack.
The quasit claws you but does no damage.
The ogre hits you with a +0 giant club!
The orc shouts!
You hit the quasit but do no damage.
The quasit is heavily wounded.
You slash the ogre! You block the quasit's attack.
The quasit claws you but does no damage. x2
The quasit bites you but does no damage.
The quasit claws you but does no damage. x2
The orc priest invokes the aid of Beogh against you.
Beogh smites you!
You die...

........... .. #....#
..........
...##.##.<..###..#......
.........##......#......
.oo......#.......#......
..o........#..#......###
...... ......###......#
......##....## #....###
#5O@.....###/..###
#.5.......##.....#
##.....P......##..#
##......P¤~....>...#
#.......P¤~.......##
#..........¤......#.#
....##..#........####
......#####.....##
...... #...###


You could see an ogre, an orc priest, a quasit, a shadow imp and 2 orcs.

Vanquished Creatures
  Duvessa (D:4)
  A black bear (D:4)
  Blork the orc (D:4)
  Dowan (D:4)
  2 orc priests
  A hound (D:3)
  A jelly (D:4)
  Jessica (D:3)
  2 iguanas (D:4)
  2 orc wizards
  3 adders
  A shadow imp (D:5)
  An ufetubus (D:5)
  A worm (D:2)
  9 orcs
  9 ball pythons
  6 endoplasms
  2 giant cockroaches
  9 goblins
  6 hobgoblins
  12 kobolds
  4 quokkas
  13 bats
  4 frilled lizards
  4 rats
97 creatures vanquished.

Vanquished Creatures (others)
  2 plants (D:1)
2 creatures vanquished.

Grand Total: 99 creatures vanquished

Notes
Turn   | Place    | Note
-------+----------+-------------------------------------------
     0 | D:1      | qw the Gargoyle Fighter began the quest for the Orb.
     0 | D:1      | Reached XP level 1. HP: 14/14 MP: 1/1
     0 | D:1      | 0 ||| qw: Version: 0.2-a-10-g37ed214
     0 | D:1      | 0 ||| qw: Game counter: 579
     0 | D:1      | 0 ||| qw: Always use a shield: true
     0 | D:1      | 0 ||| qw: God list: Okawaru
     0 | D:1      | 0 ||| qw: Allow faded altars: false
     0 | D:1      | 0 ||| qw: Do Orc after D:15 true
     0 | D:1      | 0 ||| qw: Do second Lair branch before Depths: true
     0 | D:1      | 0 ||| qw: Lair rune preference: random
     0 | D:1      | 0 ||| qw: Plans: Normal, Zot:1-4, God:TSO, Crypt, Tomb,
                  | Pan, Slime:5, Hells, Abyss, Orb
     0 | D:1      | 0 ||| PLANNING D:1-11
    55 | D:1      | Reached skill level 2 in Axes
   150 | D:1      | 150 ||| Stepping ~*~*~tactically~*~*~ (stealth).
   152 | D:1      | 152 ||| Stepping ~*~*~tactically~*~*~ (stealth).
   172 | D:1      | 172 ||| Stepping ~*~*~tactically~*~*~ (stealth).
   177 | D:1      | Reached XP level 2. HP: 14/19 MP: 2/2
   502 | D:1      | 502 ||| Stepping ~*~*~tactically~*~*~ (stealth).
   503 | D:1      | 503 ||| Stepping ~*~*~tactically~*~*~ (stealth).
   509 | D:1      | Reached skill level 3 in Axes
   511 | D:1      | 511 ||| DROPPING +0 club.
   685 | D:1      | Reached XP level 3. HP: 23/23 MP: 3/3
   972 | D:1      | 972 ||| UPGRADING to +0 chain mail.
   982 | D:1      | 982 ||| DROPPING +0 scale mail.
   983 | D:1      | 983 ||| READING scroll labelled LITALOTIUF.
   984 | D:1      | 984 ||| READING scroll labelled JYJOUNEAPP.
  1018 | D:2      | 1018 ||| Stepping ~*~*~tactically~*~*~ (stealth).
  1246 | D:2      | Identified the +0 spear of the Extremely Mad {drain, *Rage
                  | rPois Will+ Dex+4}
  1854 | D:2      | 1854 ||| READING 3 scrolls labelled ZAKLIE YTEAD.
  1855 | D:2      | 1855 ||| DROPPING 2 scrolls of vulnerability.
  1917 | D:3      | Reached XP level 4. HP: 28/28 MP: 4/4
  1931 | D:3      | 1931 ||| Stepping ~*~*~tactically~*~*~ (stealth).
  1946 | D:3      | Reached skill level 4 in Axes
  1991 | D:3      | 1991 ||| FLEEEEING.
  1992 | D:3      | 1992 ||| STAIRDANCE
  2114 | D:3      | 2114 ||| DROPPING +0 whip.
  2211 | D:3      | Found a faded altar of an unknown god.
  2300 | D:3      | Noticed Jessica
  2307 | D:3      | Killed Jessica
  2308 | D:3      | Reached XP level 5. HP: 10/32 MP: 5/5
  2318 | D:3      | 2318 ||| FLEEEEING.
  2319 | D:3      | 2319 ||| FLEEEEING.
  2320 | D:3      | 2320 ||| FLEEEEING.
  2321 | D:3      | 2321 ||| FLEEEEING.
  2322 | D:3      | 2322 ||| FLEEEEING.
  2323 | D:3      | 2323 ||| FLEEEEING.
  2324 | D:3      | 2324 ||| FLEEEEING.
  2325 | D:3      | 2325 ||| FLEEEEING.
  2326 | D:3      | 2326 ||| FLEEEEING.
  2327 | D:3      | 2327 ||| FLEEEEING.
  2328 | D:3      | 2328 ||| FLEEEEING.
  2329 | D:3      | 2329 ||| FLEEEEING.
  2330 | D:3      | 2330 ||| FLEEEEING.
  2331 | D:3      | 2331 ||| FLEEEEING.
  2332 | D:3      | 2332 ||| FLEEEEING.
  2340 | D:3      | 2340 ||| FLEEEEING.
  2341 | D:3      | 2341 ||| FLEEEEING.
  2342 | D:3      | 2342 ||| FLEEEEING.
  2348 | D:3      | 2348 ||| FLEEEEING.
  2349 | D:3      | 2349 ||| FLEEEEING.
  2350 | D:3      | 2350 ||| FLEEEEING.
  2351 | D:3      | 2351 ||| FLEEEEING.
  2353 | D:3      | 2353 ||| FLEEEEING.
  2357 | D:3      | 2357 ||| FLEEEEING.
  2358 | D:3      | 2358 ||| FLEEEEING.
  2359 | D:3      | 2359 ||| FLEEEEING.
  2360 | D:3      | 2360 ||| FLEEEEING.
  2361 | D:3      | 2361 ||| FLEEEEING.
  2366 | D:3      | 2366 ||| FLEEEEING.
  2367 | D:3      | 2367 ||| FLEEEEING.
  2368 | D:3      | 2368 ||| FLEEEEING.
  2369 | D:3      | 2369 ||| FLEEEEING.
  2370 | D:3      | 2370 ||| FLEEEEING.
  2371 | D:3      | 2371 ||| FLEEEEING.
  2372 | D:3      | 2372 ||| FLEEEEING.
  2374 | D:3      | 2374 ||| FLEEEEING.
  2376 | D:3      | 2376 ||| FLEEEEING.
  2377 | D:3      | 2377 ||| FLEEEEING.
  2380 | D:3      | 2380 ||| FLEEEEING.
  2381 | D:3      | 2381 ||| FLEEEEING.
  2382 | D:3      | 2382 ||| FLEEEEING.
  2383 | D:3      | 2383 ||| FLEEEEING.
  2385 | D:3      | 2385 ||| FLEEEEING.
  2387 | D:3      | 2387 ||| FLEEEEING.
  2388 | D:3      | 2388 ||| FLEEEEING.
  2389 | D:3      | 2389 ||| FLEEEEING.
  2390 | D:3      | 2390 ||| FLEEEEING.
  2391 | D:3      | 2391 ||| FLEEEEING.
  2393 | D:3      | 2393 ||| FLEEEEING.
  2395 | D:3      | 2395 ||| FLEEEEING.
  2396 | D:3      | 2396 ||| FLEEEEING.
  2397 | D:3      | 2397 ||| FLEEEEING.
  2398 | D:3      | 2398 ||| FLEEEEING.
  2399 | D:3      | 2399 ||| FLEEEEING.
  2400 | D:3      | 2400 ||| FLEEEEING.
  2401 | D:3      | 2401 ||| FLEEEEING.
  2402 | D:3      | 2402 ||| FLEEEEING.
  2403 | D:3      | 2403 ||| FLEEEEING.
  2404 | D:3      | 2404 ||| FLEEEEING.
  2405 | D:3      | 2405 ||| FLEEEEING.
  2406 | D:3      | 2406 ||| FLEEEEING.
  2407 | D:3      | 2407 ||| FLEEEEING.
  2408 | D:3      | 2408 ||| FLEEEEING.
  2409 | D:3      | 2409 ||| FLEEEEING.
  2410 | D:3      | 2410 ||| FLEEEEING.
  2411 | D:3      | 2411 ||| FLEEEEING.
  2412 | D:3      | 2412 ||| FLEEEEING.
  2413 | D:3      | 2413 ||| FLEEEEING.
  2414 | D:3      | 2414 ||| FLEEEEING.
  2415 | D:3      | 2415 ||| FLEEEEING.
  2416 | D:3      | 2416 ||| FLEEEEING.
  2417 | D:3      | 2417 ||| STAIRDANCE
  2523 | D:2      | 2523 ||| DRINKING 2 purple potions.
  2528 | D:3      | 2528 ||| STAIRDANCE
  2692 | D:3      | Reached skill level 5 in Axes
  2692 | D:3      | 2692 ||| Stepping ~*~*~tactically~*~*~ (stealth).
  3012 | D:3      | 3012 ||| UPGRADING to ring of protection from fire.
  3013 | D:3      | 3013 ||| DRINKING 2 metallic coppery potions.
  3013 | D:3      | Gained mutation: Your magical capacity is low. (-10% MP)
                  | [potion of mutation]
  3013 | D:3      | Gained mutation: You are agile. (Dex +4, Str/Int -1)
                  | [potion of mutation]
  3013 | D:3      | Gained mutation: You have sharp toenails. [potion of
                  | mutation]
  3014 | D:3      | 3014 ||| DRINKING 3 viscous puce potions.
  3115 | D:3      | 3115 ||| READING 3 scrolls of identify.
  3115 | D:3      | 3115 ||| IDENTIFYING inky potion
  3116 | D:3      | 3116 ||| READING 2 scrolls of identify.
  3116 | D:3      | 3116 ||| IDENTIFYING fuming puce potion
  3117 | D:3      | 3117 ||| DROPPING 2 potions of ambrosia.
  3231 | D:3      | 3231 ||| READING scroll labelled DOSEES SEHA.
  3232 | D:3      | 3232 ||| READING 4 scrolls of identify.
  3232 | D:3      | 3232 ||| IDENTIFYING fizzy white potion
  3351 | D:4      | 3351 ||| Stepping ~*~*~tactically~*~*~ (stealth).
  3405 | D:4      | Noticed Duvessa
  3405 | D:4      | Noticed Dowan
  3406 | D:4      | 3406 ||| Stepping ~*~*~tactically~*~*~ (hiding).
  3409 | D:4      | 3409 ||| Stepping ~*~*~tactically~*~*~ (hiding).
  3418 | D:4      | Killed Duvessa
  3419 | D:4      | Reached XP level 6. HP: 32/37 MP: 5/5
  3422 | D:4      | Killed Dowan
  3563 | D:4      | Noticed Blork the orc
  3564 | D:4      | 3564 ||| FLEEEEING.
  3565 | D:4      | 3565 ||| FLEEEEING.
  3566 | D:4      | 3566 ||| FLEEEEING.
  3567 | D:4      | 3567 ||| FLEEEEING.
  3568 | D:4      | 3568 ||| FLEEEEING.
  3569 | D:4      | 3569 ||| FLEEEEING.
  3575 | D:4      | 3575 ||| FLEEEEING.
  3576 | D:4      | 3576 ||| FLEEEEING.
  3577 | D:4      | 3577 ||| FLEEEEING.
  3581 | D:4      | 3581 ||| Stepping ~*~*~tactically~*~*~ (hiding).
  3589 | D:4      | Killed Blork the orc
  3822 | D:4      | HP: 7/39 [iguana (10)]
  3822 | D:4      | HP: 2/39 [iguana (5)]
  4120 | D:4      | Reached XP level 7. HP: 44/44 MP: 6/6
  4739 | D:4      | Reached skill level 6 in Axes
  4817 | D:4      | 4817 ||| UPGRADING to ring of resist corrosion.
  4818 | D:4      | 4818 ||| DROPPING ring of flight.
  4819 | D:4      | 4819 ||| READING scroll labelled KODETO EVENIO.
  4820 | D:4      | 4820 ||| READING 3 scrolls of identify.
  4820 | D:4      | 4820 ||| IDENTIFYING brown potion
  4865 | D:5      | Entered Level 5 of the Dungeon
  4881 | D:5      | 4881 ||| Stepping ~*~*~tactically~*~*~ (hiding).
  4986 | D:5      | 4986 ||| Stepping ~*~*~tactically~*~*~ (stealth).
  5000 | D:5      | 5000 ||| Stepping ~*~*~tactically~*~*~ (hiding).
  5015 | D:5      | HP: 10/44 [ogre/+0 giant club (12)]
  5016 | D:5      | Killed from afar by an orc priest

Levels and vault maps discovered:
D:1:      roderic_dead_forest, layout_loops_ring, serial_forest,
          infiniplex_forest_clump_tiny, infiniplex_forest_lined_2,
          infiniplex_forest_straight_3, infiniplex_forest_lined_2,
          infiniplex_forest_end_1, infiniplex_forest_corner_1, minmay_tripent
D:2:      layout_basic
D:3:      kb_forest_paths, layout_loops_ring, basic_ecumenical_altar,
          uniq_jessica
D:4:      layout_gridville, uniq_duvessa, uniq_blork_the_orc
D:5:      layout_cave_pools, led_sif_pool, jmf_multi_god_temple2,
          serial_demonic, serial_demonic_a, serial_demonic_g, serial_demonic_a,
          serial_demonic_g, pf_guarded_unrand_delatra

Skill      XL: |  1  2  3  4  5  6  7 |
---------------+----------------------+-----
Axes           | 2 3 4 5 6 |  6.5
Dodging        | 2 |  2.2
Fighting       | 4 |  4.5
Armour         | |  3.2
Shields        | |  3.2

Action                   |  1- 3 |  4- 6 |  7- 9 || total
-------------------------+-------+-------+-------++-------
Melee: War axe           |   117 |   113 |    48 ||   278
       Kick              |       |     9 |    12 ||    21
  Use: Scroll            |     3 |     4 |     2 ||     9
       Potion            |       |     3 |       ||     3
Armor: Scale mail        |    17 |       |       ||    17
       Chain mail        |    34 |    67 |    58 ||   159
Dodge: Dodged            |    60 |    37 |    18 ||   115
Block: Buckler           |    20 |    21 |    15 ||    56

Table legend:
 A = Non-vault XP
 B = Vault XP
 C = Vault XP percentage of total XP
 D = Non-vault monster count
 E = Vault monster count
 F = Vault count percentage of total count
                 A         B        C        D         E       F
            +---------+---------+-------+---------+---------+-------
      Total |     600 |     373 |  38.3 |      83 |      14 |  14.4
            +---------+---------+-------+---------+---------+-------
        D:1 |      37 |       4 |   9.8 |      24 |       2 |   7.7
        D:2 |      24 |       0 |   0.0 |      14 |       0 |   0.0
        D:3 |     153 |      45 |  22.7 |      26 |       7 |  21.2
        D:4 |     351 |     305 |  46.5 |      18 |       3 |  14.3
        D:5 |      35 |      19 |  35.2 |       1 |       2 |  66.7
            +---------+---------+-------+---------+---------+-------
